 Dungeon Crawl Stone Soup version 0.31-a0-995-g04711c9635 (webtiles) character file.

Game seed: 12954785815072833603

11533 Colgate the Thaumaturge (level 12, -4/100 HPs)
             Began as a Meteoran Necromancer on May 27, 2023.
             Was a Priest of Kikubaaqudgha.
             Killed by an exploding yak (40 damage)
             ... ignited by their inner flame
             ... on level 2 of the Lair of Beasts on Nov 6, 2023.
             The game lasted 02:00:38 (4188 turns).

Colgate the Thaumaturge (Meteoran Necromancer)      Turns: 4188, Time: 02:00:38

Health: -4/100     AC:  8    Str: 12    XL:     12   Next: 36%
Magic:  2/29       EV: 14    Int: 20    God:    Kikubaaqudgha [***...]
Gold:   307        SH:  0    Dex: 15    Spells: 16/35 levels left

rFire   . . .        b - +3 scimitar (flame)
rCold   . . .        (no shield)
rNeg    . . .        D - +2 robe {rC+}
rPois   +            c - +2 helmet
rElec   .            g - +0 cloak
rCorr   .            (no gloves)
SInv    +            (no boots)
Will    ++...        j - amulet of the Futuristic Date {Regen+ SInv}
Stlth   +            w - ring of willpower
HPRegen 1.16/turn    m - ring of Tuget {Fly rPois rC- Slay+3}
MPRegen 0.21/turn

%: no passive effects
@: animating dead (expiring), flying, glowing
A: sense surroundings 2, otherworldly, glowing, explore regen
a: Renounce Religion, Unearth Wretches


You were on level 2 of the Lair of Beasts.
You worshipped Kikubaaqudgha.
Kikubaaqudgha was most pleased with you.
You visited 3 branches of the dungeon, and saw 14 of its levels.
You also visited: Sewer and Volcano.

You collected 307 gold pieces.

Inventory:

Hand Weapons
 a - a -2 glaive
 b - a +3 scimitar of flaming (weapon)
 G - a +5 morningstar of protection
Armour
 c - a +2 helmet (worn)
 g - a +0 cloak (worn)
 o - a +0 robe
 t - a +2 scale mail of cold resistance
 v - a +2 robe of positive energy
 D - a +2 robe of cold resistance (worn)
Jewellery
 j - the amulet of the Futuristic Date (around neck) {Regen+ SInv}
   (You found it on level 2 of the Dungeon)

   [amulet of regeneration]

   SInv:      It lets you see invisible.
   Regen+:    It increases your rate of health regeneration.
 k - a +6 ring of dexterity
 m - the ring of Tuget (right hand) {Fly rPois rC- Slay+3}
   (You found it in a sewer)

   [ring of flight]

   Slay+3:    It affects your accuracy & damage with ranged weapons and melee
   (+3).
   rC-:       It makes you vulnerable to cold.
   rPois:     It protects you from poison Fly: It grants you flight.
 r - a ring of wizardry
 w - a ring of willpower (left hand)
Wands
 x - a wand of polymorph (11)
 A - a wand of roots (9) {@v2}
 E - a wand of flame (12)
 F - a wand of charming (7)
Scrolls
 e - a scroll of noise
 h - 3 scrolls of poison
 p - a scroll of brand weapon {unknown}
 s - a scroll of blinking {unknown}
 u - a scroll of immolation
 y - 2 scrolls of teleportation {@r3}
 B - a scroll of fog {unknown}
Potions
 d - a potion of resistance {@q5}
 f - a potion of ambrosia
 i - 2 potions of heal wounds {@q2}
 l - a potion of haste {@q4}
 n - 2 potions of enlightenment
 z - a potion of berserk rage
 C - a potion of magic


   Skills:
 - Level 7.2 Fighting
 - Level 4.9 Dodging
 - Level 1.4 Stealth
 - Level 12.1 Spellcasting
 - Level 7.1 Conjurations
 + Level 10.4 Necromancy
 - Level 5.1 Translocations
 - Level 1.7 Ice Magic
 - Level 8.1 Earth Magic


You had 16 spell levels left.
You knew the following spells:

 Your Spells              Type           Power      Damage    Failure   Level
a - Necrotise             Necr           100%       1d9       1%          1
b - Vampiric Draining     Necr           52%        2d9       1%          3
c - Animate Dead          Necr           52%        N/A       1%          4
d - Passwall              Tmut/Erth      23%        N/A       1%          2
e - Stone Arrow           Conj/Erth      84%        3d12      1%          3
f - Apportation           Tloc           64%        N/A       1%          1
g - Borgnjor's Vile Clut  Necr/Erth      24%        N/A       3%          5

Your spell library contained the following spells:

 Spells                   Type           Power      Damage    Failure   Level
 Kiss of Death            Conj/Necr      100%       2d13      1%          1
 Sandblast                Erth           88%        2d18      1%          1
 Cigotuvi's Dreadful Rot  Necr/Pois/Air  52%        N/A       1%          2
 Dispel Undead            Necr           52%        3d19      1%          4
 Agony                    Necr           52%        N/A       2%          5
 Summon Small Mammal      Summ           48%        N/A       5%          1
 Anguish                  Hex/Necr       16%        N/A       6%          4
 Passage of Golubria      Tloc           32%        N/A       7%          4
 Tukima's Dance           Hex            12%        N/A       17%         3
 Simulacrum               Ice/Necr       18%        N/A       56%         6
 Yara's Violent Unravell  Hex/Tmut       6%         3d5       83%         5


Dungeon Overview and Level Annotations

Branches:
Dungeon (11/15) Zot: 3017  Temple (1/1) D:4 Zot: 427    Lair (2/5) D:9 Zot: 915
    Orc (0/2) D:11          Sewer (visited)         Volcano (visited)
  Swamp: Lair:2-3    Shoals: Lair:2-3     Snake: Lair:2-3    Spider: Lair:2-3

Altars:
Ashenzari
Cheibriados
Elyvilon
Fedhas
Kikubaaqudgha
Makhleb
Nemelex Xobeh
Okawaru
Qazlal
Ru
Sif Muna
Trog
Uskayaw
Vehumet
Wu Jian
Yredelemnul
The Shining One

Annotations:
D:10 Joseph


Innate Abilities, Weirdness & Mutations

You passively map the area around you.
You are easily found by Zot.
You glow in the dark.
You regain HP and MP as you explore.


Message History

Your bullfrog zombie misses the blink frog.
Your bullfrog zombie hits the rime drake!
The rime drake barely misses you.
As you read the scroll of immolation, it crumbles to dust.
The creatures around you are filled with an inner flame!
The ice encasing you melts away.
Your bullfrog zombie misses the blink frog.
Your bullfrog zombie hits the rime drake but does no damage.
The yak gores you!
* * * LOW HITPOINT WARNING * * *
Your cane toad zombie hits the rime drake.
Flame seeps out of the rime drake.
The rime drake is engulfed in blazing flames.
Flame seeps out of the rime drake.
The rime drake closely misses you.
There are monsters nearby!
You feel much better.
The blink frog blinks!
Your bullfrog zombie hits the blink frog.
Flame seeps out of the blink frog.
Your bullfrog zombie hits the rime drake.
Kikubaaqudgha accepts your kill.
The rime drake explodes!
The fiery explosion engulfs the yak!!!
Flame seeps out of the yak.
The fiery explosion engulfs you!!
The fiery explosion engulfs your bullfrog zombie!
Flame seeps out of your bullfrog zombie.
The fiery explosion engulfs the yak!!
Flame seeps out of the yak.
The fiery explosion engulfs your cane toad zombie!!!
Your cane toad zombie explodes!
The fiery explosion engulfs the blink frog!!!
Kikubaaqudgha accepts your kill.
The fiery explosion engulfs your bullfrog zombie!!
The fiery explosion engulfs the polar bear!!!
Kikubaaqudgha accepts your kill.
The polar bear explodes!
Your bullfrog zombie explodes!
The fiery explosion engulfs the yak!!
Kikubaaqudgha accepts your kill.
The yak explodes!
The fiery explosion engulfs you!!!
You die...
Kikubaaqudgha rasps: "You have failed me!
Welcome... death!"

, ..##....<.....#
,** , ,
,............... ,
, ,
...........<.... ,
,
,...............,#
,,,, , ,
...............*,
,, , *##...Z..§..
..*, , , , *,
#...§.Y.#.#.# #. ,
* ,
#..Y○#§#Y.##...
,,, ,
#..@○§§§##.....* ,
, ,
+..§§§○§......# ,,
#...F§#§Z.....# ,,
* ,
..#.F..#...####..
, ...*#.....#### *
, * * .. *#....##
, ., #..... ,, , ,
, *,, ......, ,, ,
, , .F., , ,


You could see 3 yaks, 2 blink frogs, a friendly yak zombie (inner flame) and a
friendly bullfrog zombie (inner flame).

Vanquished Creatures
  Erica (D:8)
  Harold (Lair:1)
  A two-headed ogre (D:10)
  Pikel (D:4)
  2 black mambas
  A centaur zombie (D:10)
  A cane toad (Lair:1)
  3 polar bears
  3 trolls
  Grinder (D:4)
  A blink frog (Lair:2)
  A vampire (D:11)
  6 yaks
  2 shadows
  3 wraiths (D:10)
  A basilisk (Lair:1)
  2 steam dragons
  Edmund (D:4)
  Duvessa (D:4)
  An acid dragon (D:10)
  A cane toad zombie (Lair:2)
  2 orc warriors
  2 black bears
  2 ice beasts
  An ogre (D:5)
  5 wolves
  A centaur (D:6)
  A lemure (D:4)
  A phantom (D:4)
  A kobold brigand (D:9)
  3 bullfrogs
  4 scorpions
  Dowan (D:4)
  4 electric eels
  A howler monkey (D:7)
  3 jellies
  A bullfrog zombie (Lair:2)
  A lava snake (Lair:1)
  2 gnoll boudas
  5 hounds (D:9)
  An orc priest (D:9)
  A sleepcap (D:6)
  10 orc wizards
  An iguana (D:6)
  6 adders
  20 gnolls
  A shadow imp (D:5)
  A white imp (D:5)
  A worm (D:3)
  18 orcs
  6 ball pythons
  5 endoplasms
  6 giant cockroaches
  3 goblins
  5 hobgoblins
  4 jackals
  6 quokkas
  7 bats
  6 frilled lizards
  3 kobolds
  A rat (D:2)
188 creatures vanquished.

Vanquished Creatures (collateral kills)
  A cane toad (Lair:2)
  Maggie (D:8)
  A rime drake (Lair:2)
  3 yaks
  A basilisk (Lair:2)
  Grum (D:10)
  A water moccasin (Lair:1)
  3 wolves
  3 bullfrogs
  A howler monkey (D:7)
  A hound (D:9)
  A gnoll bouda (D:8)
  A sleepcap (D:7)
  An orc wizard (D:6)
  3 gnolls
  An adder (D:4)
  2 orcs
  A jackal (D:5)
  2 kobolds
  A rat (D:3)
30 creatures vanquished.

Vanquished Creatures (others)
  A black mamba zombie (Lair:2)
  A troll zombie (D:9)
  A yak zombie (Lair:2)
  A bullfrog zombie (Lair:1)
  3 wolf zombies
  A basilisk zombie (Lair:2)
  An orc wizard (D:3)
  An acid dragon zombie (D:10)
  A howler monkey zombie (D:7)
  An adder zombie (D:6)
  9 gnoll zombies
  2 endoplasm zombies (D:4)
  2 giant cockroach zombies (D:5)
  A hobgoblin zombie (D:4)
  2 jackal zombies (D:5)
  A kobold zombie (D:4)
  11 orc zombies
40 creatures vanquished.

Grand Total: 258 creatures vanquished

Notes
Turn   | Place    | Note
-------+----------+-------------------------------------------
     0 | D:1      | Colgate the Meteoran Necromancer began the quest for the
                  | Orb.
     0 | D:1      | Reached XP level 1. HP: 14/14 MP: 5/5
   135 | D:2      | Reached skill level 3 in Spellcasting
   152 | D:3      | Reached XP level 2. HP: 20/20 MP: 1/7
   299 | D:2      | Identified the amulet of the Futuristic Date {Regen+ SInv}
   335 | D:2      | Found a faded altar of an unknown god.
   378 | D:4      | Noticed a scorpion
   404 | D:4      | Noticed a scorpion
   461 | D:4      | Noticed a jelly
   512 | D:3      | Reached skill level 5 in Necromancy
   512 | D:3      | Reached XP level 3. HP: 26/26 MP: 4/8
   516 | D:3      | Learned a level 3 spell: Vampiric Draining
   682 | D:3      | Reached skill level 4 in Spellcasting
   682 | D:3      | Reached XP level 4. HP: 29/33 MP: 6/11
   698 | D:3      | Reached XP level 5. HP: 17/38 MP: 2/12
   728 | D:3      | Learned a level 4 spell: Animate Dead
   733 | D:4      | Noticed Edmund
   845 | D:4      | Reached skill level 1 in Fighting
   853 | D:4      | Reached XP level 6. HP: 30/50 MP: 1/13
   899 | D:4      | Noticed Pikel
   993 | D:5      | Entered Level 5 of the Dungeon
  1006 | D:5      | Reached XP level 7. HP: 40/60 MP: 0/14
  1069 | D:6      | Reached skill level 5 in Fighting
  1082 | D:6      | Noticed a steam dragon
  1213 | D:5      | Reached skill level 5 in Spellcasting
  1247 | D:4      | Noticed Grinder
  1255 | D:5      | Reached XP level 8. HP: 68/68 MP: 8/17
  1311 | D:5      | Found a glowing drain.
  1320 | Sewer    | Entered a sewer
  1506 | Sewer    | Learned a level 2 spell: Passwall
  1509 | Sewer    | Identified the ring of Tuget {Fly rPois rC- Slay+3}
  1620 | D:4      | Killed Edmund
  1637 | D:4      | Learned a level 3 spell: Stone Arrow
  1684 | D:4      | Found a staircase to the Ecumenical Temple.
  1690 | Temple   | Entered the Ecumenical Temple
  1844 | Temple   | Became a worshipper of Kikubaaqudgha
  1905 | D:5      | Reached skill level 6 in Spellcasting
  1928 | D:7      | Gained mutation: You passively map the area around you.
                  | [Meteoran growth]
  1928 | D:7      | Reached XP level 9. HP: 74/74 MP: 1/19
  1930 | D:7      | Learned a level 1 spell: Apportation
  2195 | D:6      | Reached skill level 7 in Spellcasting
  2513 | D:4      | Killed Pikel
  2610 | D:4      | Killed Grinder
  2611 | D:4      | Reached skill level 5 in Earth Magic
  2618 | D:4      | Noticed Duvessa
  2625 | D:4      | Noticed Dowan
  2636 | D:4      | Killed Duvessa
  2637 | D:4      | Killed Dowan
  2638 | D:4      | Reached XP level 10. HP: 79/81 MP: 1/22
  2868 | D:7      | Reached skill level 8 in Spellcasting
  2953 | D:10     | Entered Level 10 of the Dungeon
  2968 | D:10     | Noticed Joseph
  2999 | D:10     | Reached skill level 9 in Spellcasting
  3058 | D:11     | Reached * piety under Kikubaaqudgha
  3058 | D:11     | Received a gift from Kikubaaqudgha
  3087 | D:11     | Found a sacrificial altar of Ru.
  3162 | D:10     | Reached skill level 10 in Spellcasting
  3166 | D:10     | Noticed Grum
  3174 | D:10     | Killed Grum
  3175 | D:10     | Reached skill level 11 in Spellcasting
  3264 | D:10     | Reached skill level 12 in Spellcasting
  3362 | D:10     | Reached XP level 11. HP: 70/88 MP: 10/28
  3426 | D:10     | Noticed a two-headed ogre
  3442 | D:10     | Killed a two-headed ogre
  3563 | D:8      | Noticed Erica
  3568 | D:8      | Killed Erica
  3649 | D:8      | Reached ** piety under Kikubaaqudgha
  3650 | D:8      | Reached skill level 1 in Translocations
  3692 | D:8      | Reached skill level 5 in Translocations
  3699 | D:8      | Noticed Maggie
  3704 | D:8      | Killed Maggie
  3789 | D:9      | Found a staircase to the Lair.
  3804 | Lair:1   | Entered Level 1 of the Lair of Beasts
  3831 | Lair:1   | Noticed Harold
  3846 | Lair:1   | Killed Harold
  3846 | Lair:1   | Reached *** piety under Kikubaaqudgha
  3846 | Lair:1   | Received a gift from Kikubaaqudgha
  3847 | Lair:1   | Reached skill level 5 in Dodging
  3847 | Lair:1   | Reached XP level 12. HP: 30/100 MP: 12/29
  3909 | Lair:1   | Upgraded the game from 0.31-a0-105-gc0b45f0da6 to
                  | 0.31-a0-182-gc5ef74bbde
  3909 | Lair:1   | Upgraded the game from 0.31-a0-182-gc5ef74bbde to
                  | 0.31-a0-995-g04711c9635
  3915 | Lair:1   | Learned a level 5 spell: Borgnjor's Vile Clutch
  3959 | Lair:1   | Reached skill level 1 in Ice Magic
  4053 | Lair:1   | Found a dark tunnel.
  4061 | Volcano  | Entered a volcano
  4094 | Volcano  | Noticed a hell knight
  4095 | Volcano  | Found a radiant altar of Vehumet.
  4106 | Volcano  | Noticed a salamander mystic
  4180 | Lair:2   | Reached skill level 10 in Necromancy
  4188 | Lair:2   | Killed by an exploding yak... ignited by their inner flame

Illustrated notes

Levels and vault maps discovered:
D:1:      lightli_arrival_quake, layout_basic, minmay_pentomino_v4
D:2:      layout_basic, hellmonk_ecumenical_altar_slurped_away
D:3:      minmay_inner_zag, layout_loops_ring, serial_bayou_lagoon_a,
          minmay_hedge_maze, hex_large
D:4:      layout_gridville, minmay_temple_entry_enclosed_plants, uniq_edmund,
          uniq_menkaure, uniq_grinder, uniq_pikel, uniq_duvessa
D:5:      layout_rooms, regret_index_temple_of_mockery,
          mainiacjoe_overflow_brackets, nicolae_ossuary_entry_false_entrances,
          gup_sewer_entry_pipe, uniq_blork_the_orc
D:6:      layout_cave_pools
D:7:      layout_basic, uniq_prince_ribbit1
D:8:      layout_basic, uniq_erica, uniq_maggie
D:9:      minmay_cornered_nines, layout_loops_corners,
          pdpol_temple_overflow_zin_treasury_gozag_greed, erik_lair_island
D:10:     layout_gridville, serial_undead, serial_undead_d, serial_undead_e,
          serial_undead_f, serial_undead_e,
          hellmonk_guarded_unrand_sphere_of_battle, uniq_joseph, uniq_grum
D:11:     layout_rooms, erik_orc_1, nicolae_ru_great_annihilating_truth
Temple:   minmay_temple_bridge_d
Lair:1:   layout_gridlike, lightli_volcano_entry_magma_tube, uniq_harold
Lair:2:   layout_regular_city, swamp_mist_pool,
          nicolae_lair_run_with_the_wolves, grunt_megastairs_4

Skill      XL: |  1  2  3  4  5  6  7  8  9 10 11 12 |
---------------+-------------------------------------+-----
Spellcasting   | 3 4 5 6 7 12 | 12.1
Necromancy     | 5 6 7 8 10 | 10.4
Fighting       | 2 4 5 7 |  7.2
Earth Magic    | 4 6 8 |  8.1
Conjurations   | 3 7 |  7.1
Translocations | 5 |  5.1
Dodging        | 5 4 |  4.9
Ice Magic      | 1 |  1.7
Stealth        | |  1.4

Action                     |  1- 3 |  4- 6 |  7- 9 | 10-12 || total
---------------------------+-------+-------+-------+-------++-------
  Melee: Spear             |    15 |       |     8 |     1 ||    24
         Flail             |     2 |    14 |       |       ||    16
         Falchion          |       |    18 |    67 |       ||    85
         Morningstar       |       |       |    31 |    39 ||    70
         Punch             |       |       |     1 |       ||     1
         Scimitar          |       |       |       |    61 ||    61
         Glaive            |       |       |       |     2 ||     2
   Cast: Necrotise         |    43 |     9 |    69 |     1 ||   122
         Vampiric Draining |     1 |    13 |    13 |     6 ||    33
         Animate Dead      |       |     2 |     8 |    14 ||    24
         Stone Arrow       |       |       |    47 |   118 ||   165
         Passwall          |       |       |     4 |     2 ||     6
         Borgnjor's Vile C |       |       |       |    10 ||    10
 Invoke: Unearth Wretches  |       |       |       |     1 ||     1
  Evoke: Wand              |       |       |       |     3 ||     3
    Use: Scroll            |     3 |       |     5 |     8 ||    16
         Potion            |       |     1 |     1 |     1 ||     3
   Stab: Sleeping          |     1 |       |       |     1 ||     2
         Distracted        |       |       |       |     2 ||     2
 Armour: Robe              |     3 |    15 |    45 |   136 ||   199
  Dodge: Dodged            |    11 |    30 |   109 |   150 ||   300

Table legend: (Time is in decaauts)
 A = Elapsed time spent in this place.
 B = Non-inter-level travel time spent in this place.
 C = Inter-level travel time spent in this place.
 D = Time resting spent in this place.
 E = Time spent auto-exploring this place.
 F = Levels seen in this place.
 G = Mean time per level.
                   A        B        C        D        E       F      G
               +--------+--------+--------+--------+--------+-----+--------+
         Total |   4360 |   4287 |     73 |      0 |    165 |  16 |  272.5 |
       Dungeon |   3582 |   3544 |     38 |      0 |      0 |  11 |  325.6 |
        Temple |    172 |    172 |      0 |      0 |    128 |   1 |  172.0 |
          Lair |    283 |    248 |     35 |      0 |      0 |   2 |  141.5 |
         Sewer |    240 |    240 |      0 |      0 |      0 |   1 |  240.0 |
       Volcano |     81 |     81 |      0 |      0 |     37 |   1 |   81.0 |
               +--------+--------+--------+--------+--------+-----+--------+

Top non-repeatable levels by time:
     D:4: 576 daAuts
     D:3: 539 daAuts
     D:5: 457 daAuts
    D:10: 420 daAuts
     D:6: 397 daAuts
     D:7: 322 daAuts
  Lair:1: 263 daAuts
   Sewer: 240 daAuts
     D:9: 239 daAuts
     D:8: 199 daAuts
     D:2: 194 daAuts
  Temple: 172 daAuts
    D:11: 129 daAuts
     D:1: 106 daAuts
 Volcano: 81 daAuts
